 Dungeon Crawl Stone Soup version 0.31-a0-940-gdaa99269f9 (webtiles) character file.

Game seed: 4208080138959709213

568 kae the Cleaver (level 7, 0/57 HPs)
             Began as a Hill Orc Fighter on Oct 20, 2023.
             Slain by Pikel
             ... wielding a +0 whip of flaming
              (4 damage)
             ... on level 4 of the Dungeon.
             The game lasted 00:02:49 (3386 turns).

kae the Cleaver (Hill Orc Fighter)                  Turns: 3386, Time: 00:02:49

Health: 0/57       AC:  6    Str: 21    XL:     7   Next: 33%
Magic:  7/7        EV:  9    Int:  8    God:
Gold:   140        SH:  5    Dex: 10    Spells: 6/6 levels left

rFire   . . .        a - +0 war axe
rCold   . . .        c - +1 buckler
rNeg    . . .        b - +0 scale mail
rPois   +            (no helmet)
rElec   .            (no cloak)
rCorr   .            (no gloves)
SInv    .            (no boots)
Will    .....        (no amulet) Stlth
                     P - ring of poison resistance
HPRegen 0.29/turn    (no ring)
MPRegen 0.10/turn

%: no passive effects
@: no status effects
A: no striking features
a: no special abilities


You were on level 4 of the Dungeon.
You visited 1 branch of the dungeon, and saw 4 of its levels.
You also visited: Sewer.

You collected 140 gold pieces.


   Skills:
 - Level 3.6 Fighting
 + Level 10.3 Axes
 - Level 3.2 Armour
 - Level 3.2 Shields


You had 6 spell levels left.
You didn't know any spells.
Your spell library contained the following spells:

 Spells                   Type           Power      Damage    Failure   Level
 Apportation              Tloc           0%         N/A       82%         1
 Jinxbite                 Hex            0%         N/A       91%         2
 Alistair's Intoxication  Tmut/Pois      0%         N/A       100%        5

Inventory:

Hand Weapons
 a - a +0 war axe (weapon)
Missiles
 e - 43 stones
 k - 12 poisoned darts
Armour
 b - a +0 scale mail (worn)
 c - a +1 buckler (worn)
Magical Staves
 h - a staff of poison {!a}
   (You found it on level 1 of the Dungeon)
Jewellery
 P - a ring of poison resistance (left hand)
   (You found it on level 3 of the Dungeon)
Wands
 p - a wand of light (8)
   (You found it on level 4 of the Dungeon)
 q - a wand of polymorph (9)
   (You took it off Grinder on level 4 of the Dungeon)
Scrolls
 l - 2 scrolls of poison {!r}
 n - a scroll of enchant armour
Potions
 d - a potion of might
 f - 3 potions of curing {@q1}
 g - 4 potions of enlightenment
 i - 2 potions of lignification {!q}
 j - 2 potions of heal wounds {@q2}
 m - a potion of invisibility
 o - a potion of magic {unknown}

Dungeon Overview and Level Annotations

Branches:
Dungeon (4/15) Zot: 20807   Sewer (visited)
 Temple: D:4-7

Altars:
Vehumet

Shops:
D:2 (

Annotations:
D:4 Eustachio, Pikel

#5.######.)...>..
##.########......#
###5...5#.#.#...####
#...#....#.#....#
##5##..8.#8#.8..#
#5###...#.#...##
#5##.###.#.###.#
#K###.8.###.8.##
##@#.###.#.###.#
####...#.#...##
#..8.#8#.8..##..
#....#.#).......
#...#.#.#.......
#...#####.......
#..## ........ ##..#
......... #..##
..#######


You could see Pikel and 3 lemures.


Message History

The ogre shouts!
The ball python barely misses you. x2
You slash the ball python!
You kill the ball python!
Eustachio the Magnificent comes into view.
He is wielding a +0 quarterstaff and carrying a wand of flame.
There is a stone staircase leading down here.
Aiming: Bolt of Light
Press: ? - help, Shift-Dir - straight line, f - ogre
Aim: an ogre, wielding a +0 giant spiked club (86% to hit)
The bolt of light hits the ogre!
The ogre is blinded.
You slash the ogre!
The ogre hits you with a +0 giant spiked club!!
You are too injured to fight recklessly! 😮 HP[-26]
You take 26 damage, and now have 31/57 hp.
MASSIVE DAMAGE!! (PAUSE)
You slash the ogre!
You kill the ogre!
Your Axes skill increases to level 10!
You start resting.
Pikel, Merchant of Souls comes into view.
He is wielding a +0 whip of flaming and carrying a wand of flame. 😮 HP[+6]
You regained 6 hp, and now have 37/57 hp. 😮 HP[+1] 😮 HP[+1] 😮 HP[+1]
You start resting.
Pikel is nearby! 😮 HP[+2]
You regained 2 hp, and now have 42/57 hp. 😕 HP[+1] Pikel is nearby!
Pikel zaps a wand.
The puff of flame hits you. 😮 HP[-6]
You take 6 damage, and now have 37/57 hp.
Pikel zaps a wand.
The puff of flame hits you. 😮 HP[-1]
You take 1 damage, and now have 36/57 hp. 😮 HP[+1] Pikel is nearby!
Aiming: Bolt of Light
Press: ? - help, Shift-Dir - straight line, f - Pikel
Aim: Pikel, wielding a +0 whip of flaming, wearing a +0 robe and carrying a wand of flame (64% to hit)
The bolt of light hits Pikel!
Pikel is blinded.
Pikel hits you with a +0 whip of flaming.
Pikel burns you. 😮 HP[-3]
You take 3 damage, and now have 34/57 hp.
You closely miss Pikel.
Pikel hits you with a +0 whip of flaming.
Pikel burns you.
A lemure comes into view. 😮 HP[-4]
You take 4 damage, and now have 30/57 hp.
You barely miss Pikel.
The lemure shouts!
You hear a shout!
A lemure comes into view.
Unknown command.
Pikel zaps a wand.
The puff of flame hits you!
* * * LOW HITPOINT WARNING * * *
A lemure comes into view. 😨 HP[-8]
You take 8 damage, and now have 22/57 hp.
You barely miss Pikel.
The lemure shouts!
You hit the lemure but do no damage. The lemure closely misses you.
A lemure comes into view.
Unknown command. 😨 HP[+1] 😨 HP[+1]
Okay, then.
Unknown command.
Unknown command.
You strike the helpless Pikel from behind!
You hit Pikel. Pikel misses you. 😨 HP[+1]
You barely miss Pikel. Pikel closely misses you.
Unknown command.
You catch the helpless Pikel completely off-guard!
You hit Pikel but do no damage.
Pikel is no longer blind.
Pikel hits you with a +0 whip of flaming!
* * * LOW HITPOINT WARNING * * *
Pikel burns you.
* * * LOW HITPOINT WARNING * * *
😨 HP[-9]
You take 9 damage, and now have 16/57 hp.
You barely miss Pikel.
Pikel cracks his whip.
Pikel hits you with a +0 whip of flaming.
* * * LOW HITPOINT WARNING * * *
Pikel burns you.
* * * LOW HITPOINT WARNING * * *
Pikel hits you with a +0 whip of flaming!
* * * LOW HITPOINT WARNING * * *
Pikel burns you.
You die...
Pikel says, "Another soul for the market."

Skill      XL: |  1  2  3  4  5  6  7 |
---------------+----------------------+-----
Axes           | 4 5 7 8 9 10 | 10.3
Fighting       | |  3.6
Armour         | |  3.2
Shields        | |  3.2

Action                     |  1- 3 |  4- 6 |  7- 9 || total
---------------------------+-------+-------+-------++-------
  Melee: War axe           |    85 |   207 |    11 ||   303
  Evoke: Wand              |       |     1 |     2 ||     3
    Use: Scroll            |     5 |     6 |       ||    11
   Stab: Invisible         |       |     2 |     2 ||     4
 Armour: Scale mail        |    46 |   114 |     9 ||   169
  Dodge: Dodged            |    52 |    78 |     5 ||   135
  Block: Buckler           |    20 |    48 |       ||    68

Levels and vault maps discovered:
D:1:      psy_arrival_basics, layout_basic, minmay_tetromino_i4
D:2:      layout_basic, serial_shops, nicolae_shop_overgrown_old_shop,
          hellmonk_ecumenical_altar_watching_god, minmay_joined_circles
D:3:      layout_rooms, nicolae_vehumet_altar_sigil, portal_sewer_entry_f
D:4:      wad_woods_tower, layout_layer_cave, mainiacjoe_overflow_alcove_2,
          mainiacjoe_overflow_alcove_4, nicolae_twisty_statue_hallways,
          uniq_pikel, uniq_eustachio, uniq_grinder, uniq_duvessa

Notes
Turn   | Place    | Note
-------+----------+-------------------------------------------
     0 | D:1      | kae the Hill Orc Fighter began the quest for the Orb.
     0 | D:1      | Reached XP level 1. HP: 19/19 MP: 1/1
     0 | D:1      | magus.rc [v1.11.3]
    16 | D:1      | Reached skill level 3 in Axes
    43 | D:1      | Reached skill level 4 in Axes
    43 | D:1      | Reached XP level 2. HP: 8/26 MP: 2/2
   254 | D:1      | Reached XP level 3. HP: 31/31 MP: 3/3
   360 | D:1      | Reached skill level 5 in Axes
  1009 | D:2      | Found Qiakh's Antique Weapon Boutique.
  1288 | D:3      | Reached XP level 4. HP: 39/39 MP: 4/4
  1299 | D:3      | Found a glowing drain.
  1319 | Sewer    | Entered a sewer
  1327 | Sewer    | Reached skill level 6 in Axes
  1410 | Sewer    | Noticed a kobold brigand
  1421 | Sewer    | Killed a kobold brigand
  1422 | Sewer    | Reached skill level 7 in Axes
  1422 | Sewer    | Reached XP level 5. HP: 26/45 MP: 5/5
  1528 | Sewer    | Found a white marble altar of Elyvilon.
  1959 | D:2      | Found a faded altar of an unknown god.
  1960 | D:2      | Noticed a shining eye
  1967 | D:2      | Noticed a floating eye
  1967 | D:2      | Noticed a great orb of eyes
  1967 | D:2      | Noticed an eye of devastation
  2199 | D:2      | Reached skill level 8 in Axes
  2210 | D:2      | Reached XP level 6. HP: 51/51 MP: 6/6
  2476 | D:2      | You pick up a book of Party Tricks and begin reading...
  2476 | D:2      | You add the spells Apportation, Jinxbite and Alistair's
                  | Intoxication to your library.
  2627 | D:3      | Found a radiant altar of Vehumet.
  3274 | D:4      | Noticed Grinder
  3284 | D:4      | Killed Grinder
  3285 | D:4      | Reached skill level 9 in Axes
  3285 | D:4      | Reached XP level 7. HP: 57/57 MP: 7/7
  3302 | D:4      | Noticed Eustachio
  3321 | D:4      | Reached skill level 10 in Axes
  3340 | D:4      | Noticed Pikel
  3386 | D:4      | HP: 13/57 [Pikel/+0 whip of flaming (4)]
  3386 | D:4      | HP: 4/57 [Pikel/+0 whip of flaming (7)]
  3386 | D:4      | Slain by Pikel

Vanquished Creatures
  Grinder (D:4)
  An ogre (D:4)
  A kobold brigand (Sewer)
  An iguana (D:4)
  A gnoll (D:1)
  6 adders
  A river rat (Sewer)
  5 worms
  A dart slug (D:1)
  An orc (D:3)
  7 bats
  4 endoplasms
  7 giant cockroaches
  7 goblins
  14 hobgoblins
  7 jackals
  9 quokkas
  8 ball pythons
  2 frilled lizards
  5 kobolds
  18 rats
107 creatures vanquished.

Table legend:
 A = Non-vault XP
 B = Vault XP
 C = Vault XP percentage of total XP
 D = Non-vault monster count
 E = Vault monster count
 F = Vault count percentage of total count
                 A         B        C        D         E       F
            +---------+---------+-------+---------+---------+-------
      Total |     339 |     473 |  58.3 |      76 |      31 |  29.0
            +---------+---------+-------+---------+---------+-------
        D:1 |      44 |      17 |  27.9 |      25 |       3 |  10.7
        D:2 |      40 |      51 |  56.0 |      24 |      13 |  35.1
        D:3 |      70 |      12 |  14.6 |      18 |       6 |  25.0
        D:4 |     185 |     281 |  60.3 |       9 |       3 |  25.0
      Sewer |       0 |     112 | 100.0 |       0 |       6 | 100.0
            +---------+---------+-------+---------+---------+-------

Skill      XL: |  1  2  3  4  5  6  7 |
---------------+----------------------+-----
Axes           | 4 5 7 8 9 10 | 10.3
Fighting       | |  3.6
Armour         | |  3.2
Shields        | |  3.2

Action                     |  1- 3 |  4- 6 |  7- 9 || total
---------------------------+-------+-------+-------++-------
  Melee: War axe           |    85 |   207 |    11 ||   303
  Evoke: Wand              |       |     1 |     2 ||     3
    Use: Scroll            |     5 |     6 |       ||    11
   Stab: Invisible         |       |     2 |     2 ||     4
 Armour: Scale mail        |    46 |   114 |     9 ||   169
  Dodge: Dodged            |    52 |    78 |     5 ||   135
  Block: Buckler           |    20 |    48 |       ||    68

Illustrated notes

Table legend:
 A = Kills in this place as a percentage of kills in the entire game.
 B = Kills by you in this place as a percentage of kills by you in the entire game.
 C = Kills by friends in this place as a percentage of kills by friends in the entire game.
 D = Other kills in this place as a percentage of other kills in the entire game.
 E = Experience gained in this place as a percentage of experience gained in the entire game.
 F = Experience gained in this place divided by the number of levels of this place that you have seen.
                   A       B       C       D       E      F
               +-------+-------+-------+-------+-------+----------------------
         Total | 100.0 | 100.0 |   N/A |   N/A | 100.0 | 162.4
       Dungeon |  94.4 |  94.4 |   N/A |   N/A |  86.2 | 175.0
         Sewer |   5.6 |   5.6 |   N/A |   N/A |  13.8 | 112.0
               +-------+-------+-------+-------+-------+----------------------

Table legend: (Time is in decaauts)
 A = Elapsed time spent in this place.
 B = Non-inter-level travel time spent in this place.
 C = Inter-level travel time spent in this place.
 D = Time resting spent in this place.
 E = Time spent auto-exploring this place.
 F = Levels seen in this place.
 G = Mean time per level.
                   A        B        C        D        E       F      G
               +--------+--------+--------+--------+--------+-----+--------+
         Total |   3469 |   3363 |    106 |    229 |   2428 |   5 |  693.8 |
       Dungeon |   3191 |   3085 |    106 |    227 |   2210 |   4 |  797.8 |
         Sewer |    277 |    277 |      0 |      2 |    218 |   1 |  277.0 |
               +--------+--------+--------+--------+--------+-----+--------+

Top non-repeatable levels by time:
     D:2: 1112 daAuts
     D:1: 873 daAuts
     D:3: 606 daAuts
     D:4: 600 daAuts
   Sewer: 277 daAuts
